AoeStats
← Chin0chelada

MegaRandom

510162566Analyzed
2v2 RM · 3d ago on Sep 29, 2026· 52m 34s· 4 players
Game mode
Random Map
Map size
Medium (4 player)
Population
200
Speed
Normal
Resources
Standard
Victory
Conquest
Starting age
Dark Age
Ending age
Imperial Age
RankedLock teamsTeams togetherTeam positionsShared explorationLock speedFull tech treeHidden civsTurbo modeCheats
Victory
Defeat
🇨🇱 Aztecs · Chile
177
+21
🇨🇱 Turks · Chile
175
+21
🇺🇸 Spanish · United States
341
-24
🇦🇺 Japanese · Australia
224
-18
Chin0chelada
0:54 Loom
11:43 Feudal Age
13:06 Wheelbarrow
12:58 Town Watch
15:23 Horse Collar
16:17 Double-Bit Axe
20:56 Fletching
21:20 Forging
21:12 Scale Mail Armor
21:18 Scale Barding Armor
25:43 Padded Archer Armor
26:05 Bloodlines
29:32 Castle Age
29:46 Gold Mining
29:48 Stone Mining
31:08 Bodkin Arrow
31:29 Bow Saw
31:27 Heavy Plow
32:26 Chain Barding Armor
32:23 Leather Archer Armor
32:34 Ballistics
34:21 Fortified Wall
34:19 Siphons
34:26 Careening
34:14 Murder Holes
34:06 Light Cavalry
34:50 Husbandry
34:14 Elite Skirmisher
36:45 Masonry
37:14 Thumb Ring
40:26 Chain Mail Armor
41:16 Hand Cart
44:31 Iron Casting
44:51 Town Patrol
49:52 Imperial Age
46:54 Man-at-Arms
47:21 Gambesons
47:45 Squires
47:31 Gambesons
47:32 Arson
NATO♥ ҉
0:48 Loom
11:44 Feudal Age
13:10 Wheelbarrow
14:50 Town Watch
18:18 Horse Collar
29:07 Castle Age
28:29 Double-Bit Axe
31:10 Hand Cart
31:24 Heavy Plow
34:12 Bow Saw
35:34 Caravan
38:01 Light Cavalry
44:26 Husbandry
44:38 Bloodlines
45:45 Stone Mining
45:46 Gold Mining
50:46 Yasama
K u r o🌙
0:35 Loom
9:37 Feudal Age
10:02 Horse Collar
11:10 Wheelbarrow
10:59 Double-Bit Axe
11:03 Town Watch
17:43 Fishing Lines
22:32 Castle Age
20:53 Gold Mining
20:54 Stone Mining
22:43 Forging
22:33 Scale Mail Armor
23:15 Caravan
26:08 Heavy Plow
26:22 Bow Saw
26:15 Arson
26:16 Gambesons
25:51 Man-at-Arms
28:27 Gold Shaft Mining
28:28 Stone Shaft Mining
29:18 Hand Cart
29:04 Town Patrol
29:53 Gillnets
33:11 Imperial Age
32:58 Iron Casting
32:38 Chain Mail Armor
31:47 Long Swordsman
32:00 Eagle Warrior
33:03 Pikeman
33:44 Squires
33:06 Eagle Warrior
33:48 Fletching
33:59 Padded Archer Armor
33:49 Two-Handed Swordsman
33:56 Capped Ram
35:57 Champion
36:24 Treadmill Crane
38:16 Siege Ram
41:41 Garland Wars
42:13 Elite Skirmisher
44:58 Blast Furnace
44:29 Plate Mail Armor
45:32 Plate Mail Armor
46:56 Fortified Wall
46:37 Guard Tower
46:47 Murder Holes
46:41 Arrowslits
50:48 Elite Eagle Warrior
53:08 Ballistics
53:48 Chemistry
52:48 Bodkin Arrow
53:08 Leather Archer Armor
AleSheriff
1:13 Loom
8:20 Feudal Age
10:26 Man-at-Arms
15:47 Wheelbarrow
15:55 Horse Collar
16:41 Double-Bit Axe
20:56 Arson
29:11 Castle Age
27:29 Stone Mining
29:34 Gold Mining
31:06 Bow Saw
31:00 Heavy Plow
30:27 Long Swordsman
31:56 Gold Shaft Mining
31:43 Caravan
33:21 Hand Cart
38:17 Imperial Age
37:35 Ballistics
38:44 Thumb Ring
38:46 Elite Janissary
42:53 Siphons
44:43 Siphons
47:37 Forging
47:27 Scale Mail Armor
47:31 Padded Archer Armor
47:24 Fletching
48:24 Conscription
48:11 Artillery
Connection lost

Rejoining the realm…

Still unreachable

The connection could not be restored.

Session expired

The server has moved on; the page needs a fresh start.